 Dungeon Crawl Stone Soup version 0.29.1-15-g9cfb28693d (webtiles) character file.

Game seed: 879559171617966960

4 tizbic2 the Caller (level 1, 11/12 HPs)
             Began as an Octopode Summoner on Apr 7, 2023.
             Quit the game on level 1 of the Dungeon.
             The game lasted 00:01:49 (110 turns).

tizbic2 the Caller (Octopode Summoner)               Turns: 110, Time: 00:01:50

Health: 11/12      AC:  1    Str:  7    XL:     1   Next: 60%
Magic:  3/3        EV: 13    Int: 17    God:
Gold:   13         SH:  0    Dex: 12    Spells: 3/4 levels left

rFire   . . .      SeeInvis .   c - +0 dagger
rCold   . . .      Faith    .   (no shield)
rNeg    . . .      Spirit   .   (helmet restricted)
rPois   .          Reflect  .   (no amulet)
rElec   .          Harm     .   (no ring)
rCorr   .          Rampage  .   (no ring)
Will    .....                   (no ring)
Stlth   +++.......              (no ring)
HPRegen 0.04/turn               (no ring)
MPRegen 0.08/turn               (no ring)
                                (no ring)
                                (no ring)

@: no status effects
A: almost no armour, amphibious, 8 rings, camouflage 1, gelatinous body 1,
(nimble swimmer 1), tentacles
a: no special abilities


You were on level 1 of the Dungeon.
You visited 1 branch of the dungeon, and saw 1 of its levels.

You collected 13 gold pieces.

Inventory:

Hand Weapons
 c - a +0 dagger (weapon)
Scrolls
 b - a scroll of teleportation {unknown}
Potions
 a - a potion of magic
 d - a potion of haste {unknown}


   Skills:
 * Level 0.4 Fighting
 + Level 2.0 Dodging
 - Level 2.6 Stealth
 + Level 2.0 Spellcasting
 - Level 4.0 Summonings
 * Level 0.4 Air Magic


You had 3 spell levels left.
You knew the following spells:

 Your Spells              Type           Power      Damage    Failure   Level
a - Summon Small Mammal   Summ           60%        N/A       3%          1

Your spell library contained the following spells:

 Spells                   Type           Power      Damage    Failure   Level
 Call Imp                 Summ           15%        N/A       5%          2
 Call Canine Familiar     Summ           15%        N/A       11%         3
 Summon Guardian Golem    Hex/Summ       8%         N/A       26%         3
 Summon Lightning Spire   Summ/Air       9%         N/A       61%         4


Dungeon Overview and Level Annotations

Branches:
Dungeon (1/15)

Altars:


Innate Abilities, Weirdness & Mutations

You cannot wear most types of armour.
You are amphibious.
You can wear up to eight rings at the same time.
Your skin changes colour to match your surroundings (Stealth+).
Your rubbery body absorbs attacks. (AC +1, EV +1)
((You are camouflaged when in or above water. (Stealth+)))
You have tentacles for arms and can constrict up to eight enemies at once.


Message History

Confirm with . or Enter, or press ? or * to list all spells.
You hit the ball python. Your grab misses the ball python.
The ball python is moderately wounded.
The ball python bites you but does no damage.
The ball python barely misses you.
You hit the ball python but do no damage.
You grab the ball python. You squeeze the ball python.
You kill the ball python!
You see here a ball python corpse.
You open the door.
A dart slug comes into view.
Found 13 gold pieces.
There is an open door here.
Your quokka disappears in a puff of smoke!
The dart slug launches a dart at you. The slug dart misses you.
You hit the dart slug. You grab the dart slug.
The dart slug is moderately wounded.
You constrict the dart slug. The dart slug closely misses you.
You hit the dart slug.
You tentacle-slap the dart slug, but do no damage.
The dart slug is severely wounded.
You constrict the dart slug, but do no damage.
You hit the dart slug but do no damage.
The dart slug is severely wounded.
You constrict the dart slug. The dart slug launches a dart at you.
The slug dart hits you.
You hit the dart slug.
You kill the dart slug!
You now have 2 gold pieces.
You now have 13 gold pieces (gained 11).
You open the door.
Found a sedimented purple potion.
Found a stone staircase leading down.
There is an open door here.
There is a stone staircase leading down here.
d - a sedimented purple potion You open the door.
There is an open door here.
Are you sure you want to abandon this character and quit the game? (Confirm with "yes".)

####.# .#
#...#
#....# .#
#####
#.########
#
#.##.....#
#..'.....+
####.....#
#.....#
#.....###
#.@.....#
#.#####..#
...# ...
.....# #.
...^...
.......
#######


There were no monsters in sight!

Vanquished Creatures
  A dart slug (D:1)
  A ball python (D:1)
  A rat (D:1)
3 creatures vanquished.

Notes
Turn   | Place    | Note
-------+----------+-------------------------------------------
     0 | D:1      | tizbic2 the Octopode Summoner began the quest for the Orb.
     0 | D:1      | Reached XP level 1. HP: 11/11 MP: 3/3
   110 | D:1      | Quit the game

Illustrated notes

Levels and vault maps discovered:
D:1:      minmay_arrival_stair_chambers, layout_basic, serial_co_window_serial,
          co_window_paths_a, co_window_corner_a, co_window_paths_a,
          co_window_corner_a, co_window_paths_a, co_window_corner_cb,
          co_window_broadway_b, co_window_unsneaky_path_e, co_window_corner_cb,
          co_window_paths_d, co_window_paths_e, glass_columns_c,
          glass_columns_c, glass_columns_b, glass_columns_a

Action                   || total
-------------------------++-------
Melee: Dagger            ||     7
       Constrict         ||     2
       Punch             ||     1
       Tentacles         ||     1
 Cast: Summon Small Mamm ||     1
 Stab: Sleeping          ||     1
Armor: Skin              ||     1
Dodge: Dodged            ||     3
